AoeStats
← LmScar12

Arabia

510204863Analyzed
1v1 RM · 1d ago on Sep 29, 2026· 46m 47s· 2 players
Game mode
Random Map
Map size
Tiny (2 player)
Population
200
Speed
Normal
Resources
Standard
Victory
Conquest
Starting age
Dark Age
Ending age
Imperial Age
RankedLock teamsTeams togetherTeam positionsShared explorationLock speedFull tech treeHidden civsTurbo modeCheats
Victory
Defeat
🇺🇸 Danes · United States
1627
+16
🇲🇽 Spanish · Mexico
1631
-16
LmScar12
7:01 Loom
9:40 Feudal Age
9:41 Man-at-Arms
10:07 Double-Bit Axe
10:23 Horse Collar
20:37 Castle Age
18:49 Fletching
19:13 Gold Mining
19:15 Stone Mining
20:15 Town Watch
21:18 Bodkin Arrow
21:34 Bow Saw
22:55 Husbandry
29:56 Ballistics
30:19 Redemption
34:36 Sanctity
36:04 Fervor
44:45 Imperial Age
43:39 Padded Archer Armor
43:50 Thumb Ring
44:18 Bloodlines
45:58 Bracer
Sin_Teclado
1:17 Loom
10:37 Feudal Age
14:50 Castle Age
21:29 Padded Archer Armor
22:58 Town Watch
23:31 Leather Archer Armor
43:37 Devotion
Connection lost

Rejoining the realm…

Still unreachable

The connection could not be restored.

Session expired

The server has moved on; the page needs a fresh start.